 Dungeon Crawl Stone Soup version 0.21.1-1-g345015f (webtiles) character file.

280 Kairos the Shield-Bearer (level 6, -1/32 HPs)
             Began as a Vine Stalker Fighter on Apr 25, 2018.
             Was an Initiate of Okawaru.
             Slain by a gnoll
             ... wielding a +0 halberd
              (4 damage)
             ... on level 4 of the Dungeon.
             The game lasted 00:05:02 (2902 turns).

Kairos the Shield-Bearer (Vine Stalker Fighter)     Turns: 2902, Time: 00:05:03

Health: -1/32      AC:  5    Str: 19    XL:     6   Next: 27%
Magic:  0/7        EV:  8    Int:  8    God:    Okawaru [......]
Gold:   120        SH:  9    Dex: 15    Spells: 5/5 levels left

rFire    . . .     SeeInvis .   r - +1 hand axe (flame)
rCold    . . .     Gourm    .   c - +0 shield
rNeg     . . .     Faith    .   n - +0 ring mail (curse)
rPois    .         Spirit   +   (no helmet)
rElec    .         Reflect  .   (no cloak)
rCorr    .         Harm     .   (no gloves)
MR       .....                  (no boots)
Stlth    +.........             h - amulet of rage
HPRegen  0.50/turn              (no ring)
MPRegen  0.10/turn              (no ring)

@: no status effects
A: fangs 2, regeneration 1, magic shield, antimagic bite, no potion heal 3, rot
immunity
a: Renounce Religion, Evoke Berserk Rage


You were on level 4 of the Dungeon.
You worshipped Okawaru.
Okawaru was noncommittal.
You were not hungry.

You visited 1 branch of the dungeon, and saw 4 of its levels.

You collected 120 gold pieces.

Inventory:

Hand Weapons
 a - a +1 war axe
 i - a +0 flail of crushing
 j - a cursed -2 hunting sling
 r - a +1 hand axe of flaming (weapon)
Missiles
 k - 17 sling bullets
 v - 3 tomahawks (quivered)
Armour
 b - a +0 scale mail
 c - a +0 shield (worn)
 l - a +0 chain mail
 n - a cursed +0 ring mail (worn)
Jewellery
 h - an amulet of rage (around neck)
Scrolls
 e - a scroll of identify
 o - a scroll of teleportation
 p - 2 scrolls of fog
 q - a scroll of amnesia
 u - a scroll of magic mapping
 x - a scroll of remove curse {unknown}
Potions
 d - 2 potions of might
 g - a potion of haste
 m - a potion of heal wounds {unknown}
 s - 2 potions of berserk rage {unknown}
 t - a potion of curing {unknown}
 z - a potion of degeneration {unknown}
Comestibles
 f - 3 rations


   Skills:
 + Level 3.3 Fighting
 + Level 3.2(3.4) Axes
 + Level 1.6(2.7) Maces & Flails
 + Level 3.4 Armour
 + Level 0.9 Dodging
 + Level 0.3 Stealth
 + Level 3.5 Shields


You had 5 spell levels left.
You didn't know any spells.

Dungeon Overview and Level Annotations

Branches:
Dungeon (4/15)
 Temple: D:4-7

Altars:
Ashenzari
Elyvilon
Fedhas
Hepliaklqana
Kikubaaqudgha
Nemelex Xobeh
Okawaru
Uskayaw
Yredelemnul

Annotations:
D:4 Edmund


Innate Abilities, Weirdness & Mutations

You have extremely sharp teeth.
Your natural rate of healing is unusually fast.
When hurt, damage is shared between your health and your magic reserves.
Your bite disrupts and absorbs the magic of your enemies.
Potions cannot restore your health.
You are immune to rotting.


Message History

A giant cockroach comes into view.
There is a stone staircase leading up here.
You see here a throwing net.
You struggle against the net.
The bullfrog hits you.
The gnoll hits you from afar with a halberd!
The bullfrog hits you but does no damage.
You tear a large gash into the net.
The bullfrog hits you.
The gnoll hits you from afar with a halberd.
The gnoll hits you with a whip.
You struggle against the net.
The bullfrog hits you but does no damage.
The gnoll hits you but does no damage.
The bullfrog hits you but does no damage.
The gnoll hits you with a whip!
* * * LOW HITPOINT WARNING * * *
Unknown command.
You shred the net and break free! You block the bullfrog's attack.
The gnoll barely misses you.
The gnoll hits you from afar with a halberd.
You die...

.....# ..†..# ##
#.## . #..### ###.
####...## #..
.....#.!# ##..
......#.# # ..#
........###.##.#F#
..............sg@#
...............g[#
..............gg##
l...............
................
......#.........
.....##.........
##.#... .....##
..##.


You could see a bullfrog, 4 gnolls and a giant cockroach.

Vanquished Creatures
  2 orc priests (D:3)
  2 orc wizards
  5 adders
  An ooze (D:2)
  3 worms
  2 dart slugs
  A leopard gecko (D:3)
  13 orcs
  2 ball pythons
  5 giant cockroaches
  10 goblins
  3 hobgoblins
  12 jackals
  2 quokkas
  5 bats
  5 frilled lizards
  8 kobolds
  12 rats
93 creatures vanquished.

Notes
Turn   | Place    | Note
-------+----------+-------------------------------------------
     0 | D:1      | Kairos the Vine Stalker Fighter began the quest for the Orb.
     0 | D:1      | Reached XP level 1. HP: 11/11 MP: 2/2
   291 | D:1      | Reached XP level 2. HP: 16/16 MP: 3/3
   896 | D:2      | Reached XP level 3. HP: 19/20 MP: 4/4
   918 | D:2      | Found a white marble altar of Elyvilon.
  1191 | D:2      | Gained mutation: Your natural rate of healing is unusually fast. [Vine Stalker growth]
  1191 | D:2      | Reached XP level 4. HP: 20/24 MP: 5/5
  1331 | D:2      | Found an iron altar of Okawaru.
  1409 | D:2      | Became a worshipper of Warmaster Okawaru
  1750 | D:2      | Found a hide-covered altar of Uskayaw.
  1969 | D:3      | Reached XP level 5. HP: 25/28 MP: 4/6
  2025 | D:3      | Found a basalt altar of Yredelemnul.
  2029 | D:3      | Found a sparkling altar of Nemelex Xobeh.
  2149 | D:3      | Reached skill level 1 in Maces & Flails
  2190 | D:3      | Found a blossoming altar of Fedhas.
  2193 | D:3      | Found an ancient bone altar of Kikubaaqudgha.
  2427 | D:3      | Found a hazy altar of Hepliaklqana.
  2600 | D:3      | Found a shattered altar of Ashenzari.
  2666 | D:3      | Reached XP level 6. HP: 18/32 MP: 7/7
  2827 | D:4      | Noticed Edmund
  2902 | D:4      | Slain by a gnoll

Skill      XL: |  1  2  3  4  5 |
---------------+----------------+-----
Fighting       | 3 |  3.3
Shields        | 3 |  3.5
Axes           | 2 3 |  3.2
Armour         | 3 |  3.4
Maces & Flails | 1 |  1.6
Dodging        | |  0.9
Stealth        | |  0.3

Action                   |  1- 3 |  4- 6 || total
-------------------------+-------+-------++-------
Melee: War axe           |    93 |    23 ||   116
       Bite              |    22 |    34 ||    56
       Flail             |       |    60 ||    60
       Hand axe          |       |    39 ||    39
  Use: Scroll            |     2 |     5 ||     7
       Potion            |     1 |       ||     1
  Eat: Chunk             |     1 |     6 ||     7
Armor: Scale mail        |    33 |    15 ||    48
       Ring mail         |       |    32 ||    32
Dodge: Dodged            |    29 |    40 ||    69
Block: Shield            |    53 |    67 ||   120
